 Dungeon Crawl Stone Soup version 0.28.0-47-ge53b351184 (webtiles) character file.

Game seed: 17333451024303901500

42 Exodus22XD the Chopper (level 3, -5/33 HPs)
             Began as a Hill Orc Monk on May 7, 2022.
             Slain by Natasha (7 damage)
             ... on level 2 of the Dungeon.
             The game lasted 00:00:54 (1083 turns).

Exodus22XD the Chopper (Hill Orc Monk)              Turns: 1083, Time: 00:00:55

Health: -5/33      AC:  3    Str: 15    XL:     3   Next: 54%
Magic:  3/3        EV: 12    Int: 10    God:
Gold:   30         SH:  0    Dex: 13    Spells: 2/2 levels left

rFire   . . .      SeeInvis .   a - +0 hand axe
rCold   . . .      Faith    .   (no shield)
rNeg    . . .      Spirit   .   b - +0 robe
rPois   .          Reflect  .   (no helmet)
rElec   .          Harm     .   (no cloak)
rCorr   .          Rampage  .   d - +0 pair of gloves
Will    .....                   (no boots)
Stlth   ++........              (no amulet)
HPRegen 0.11/turn               (no ring)
MPRegen 0.08/turn               (no ring)

@: no status effects
A: no striking features
a: no special abilities


You were on level 2 of the Dungeon.
You visited 1 branch of the dungeon, and saw 2 of its levels.

You collected 30 gold pieces.

Inventory:

Hand Weapons
 a - a +0 hand axe (weapon)
Armour
 b - a +0 robe (worn)
 d - a +0 pair of gloves (worn)
Scrolls
 c - 2 scrolls of enchant weapon {unknown}
 e - a scroll of identify {unknown}
Potions
 f - a potion of cancellation {unknown}


   Skills:
 + Level 4.1 Fighting
 + Level 4.8 Axes
 * Level 1.2 Armour
 - Level 2.4 Dodging
 - Level 1.5 Stealth
 + Level 1.2 Unarmed Combat


You had 2 spell levels left.
You didn't know any spells.
Your spell library was empty.

Dungeon Overview and Level Annotations

Branches:
Dungeon (2/15)

Altars:

Annotations:
D:2 Natasha


Message History

You barely miss Natasha.
Natasha is heavily wounded.
Natasha mewls in sadness.
Natasha misses you.
You barely miss Natasha.
Natasha is heavily wounded.
You hit the white imp but do no damage. Natasha claws you.
The white imp hits you. The white imp freezes you.
* * * LOW HITPOINT WARNING * * *
You hit Natasha but do no damage.
Natasha is heavily wounded.
You hit the white imp. Natasha claws you but does no damage.
The white imp hits you.
* * * LOW HITPOINT WARNING * * *
The white imp freezes you.
* * * LOW HITPOINT WARNING * * *
Natasha mumbles some strange words.
You closely miss the white imp.
The white imp is lightly wounded.
The white imp gestures at you. The puff of frost misses you.
The white imp barely misses you.
You hit Natasha.
Natasha is severely wounded.
You closely miss the white imp. The white imp closely misses you.
Natasha casts a spell.
You barely miss Natasha.
Natasha is severely wounded.
You hit the white imp but do no damage. The white imp closely misses you.
Natasha misses you. The white imp puffs mist at you.
You closely miss Natasha.
Natasha is severely wounded.
You hit the crimson imp but do no damage.
You hit the white imp. The white imp hits you.
* * * LOW HITPOINT WARNING * * *
The white imp freezes you.
* * * LOW HITPOINT WARNING * * *
Natasha claws you!
You die...

#.....######
#..# #.#.#
#......# #.#.#
#....#.#####.#
#.#
#....†........
#.......####.
...$.......#
#...........#
..........5.#
..........5@#
.........##h#
........#.5....#
.......#......#
...#.##......#
..... ........#
. #......###
#.#.#.## #.#.#..


You could see Natasha, a crimson imp (summoned) and 2 white imps.

Vanquished Creatures
  Natasha (D:2)
  A dart slug (D:2)
  A bat skeleton (D:2)
  A goblin (D:1)
  2 hobgoblins (D:1)
  4 ball pythons
  A bat (D:1)
  3 kobolds
  3 rats
17 creatures vanquished.

Notes
Turn   | Place    | Note
-------+----------+-------------------------------------------
     0 | D:1      | Exodus22XD the Hill Orc Monk began the quest for the Orb.
     0 | D:1      | Reached XP level 1. HP: 19/19 MP: 1/1
   637 | D:1      | Reached XP level 2. HP: 26/27 MP: 2/2
   982 | D:2      | Noticed Natasha
   993 | D:2      | Killed Natasha
   994 | D:2      | Reached skill level 1 in Armour
   994 | D:2      | Reached skill level 1 in Unarmed Combat
   994 | D:2      | Reached XP level 3. HP: 26/33 MP: 3/3
  1060 | D:2      | Noticed Natasha
  1083 | D:2      | Slain by Natasha

Illustrated notes

Levels and vault maps discovered:
D:1:      lightli_arrival_lavapool, layout_basic, serial_bayou_lake_a
D:2:      layout_basic, serial_undead, serial_undead_c, serial_undead_f,
          serial_undead_b, serial_undead_c, serial_undead_c, serial_undead_f,
          serial_undead_c, serial_undead_b, kennysheep_flooded_box, uniq_natasha

Skill      XL: |  1  2 |
---------------+-------+-----
Fighting       | 4 |  4.1
Armour         | 1 |  1.2
Unarmed Combat | 1 |  1.2
Axes           | |  4.8
Dodging        | |  2.4
Stealth        | |  1.5

Action                   || total
-------------------------++-------
Melee: Hand axe          ||    59
       Punch             ||     1
Armor: Robe              ||    14
Dodge: Dodged            ||    45
